 Dungeon Crawl Stone Soup version 0.26-a0-1213-gd52f5182fe (webtiles) character file.

Game seed: 880378747775633920

531 stormannn the Ruffian (level 7, 62/62 HPs)
             Began as a Ghoul Berserker on Dec 30, 2020.
             Was a Priest of Trog.
             Safely got out of the dungeon.
             The game lasted 00:05:27 (3663 turns).

stormannn the Ruffian (Ghoul Berserker)             Turns: 3663, Time: 00:05:28

Health: 62/62      AC: 11    Str: 22    XL:     7   Next: 24%
Magic:  6/6        EV:  6    Int:  3    God:    Trog [***...]
Gold:   245        SH:  0    Dex:  8    Spells: 6/6 levels left

rFire    . . .     SeeInvis .   u - +5 flail (protect)
rCold    + . .     Faith    +   (no shield)
rNeg     + + +     Spirit   .   b - +0 plate armour
rPois    ∞         Reflect  .   o - +0 helmet
rElec    .         Harm     .   (no cloak)
rCorr    .         Rampage  .   (no gloves)
Will     .....                  (no boots)
Stlth    ..........             h - amulet of faith
HPRegen  0.20/turn              (no ring)
MPRegen  0.10/turn              (no ring)

@: no status effects
A: claws 1, cold resistance 1, negative energy resistance 3, inhibited
regeneration, torment resistance, unbreathing
a: Renounce Religion, Trog's Hand


You escaped.
You worshipped Trog.
Trog was most pleased with you.
You visited 1 branch of the dungeon, and saw 4 of its levels.

You collected 245 gold pieces.

Inventory:

Hand Weapons
 u - a +5 flail of protection (weapon)
Missiles
 s - 7 datura-tipped darts (quivered)
Armour
 b - a +0 plate armour (worn)
 o - a +0 helmet (worn)
Jewellery
 h - an amulet of faith (around neck)
 n - an uncursed amulet of regeneration {unknown}
Wands
 t - a wand of digging (2)
Scrolls
 a - a scroll of immolation {unknown}
 d - a scroll of identify {unknown}
 i - a scroll of remove curse {unknown}
 j - a scroll of enchant armour {unknown}
 k - 2 scrolls of amnesia {unknown}
 l - a scroll of teleportation {unknown}
 q - 3 scrolls of blinking {unknown}
Potions
 c - 2 potions of flight {unknown}
 e - 3 potions of curing {unknown}
 f - a potion of mutation {unknown}
 g - 2 potions of haste {unknown}
 m - 2 potions of ambrosia {unknown}
 p - a potion of heal wounds {unknown}
 r - a potion of invisibility {unknown}


   Skills:
 + Level 5.7 Fighting
 - Level 1.7 Armour
 - Level 1.7 Dodging
 * Level 7.4 Unarmed Combat


You had 6 spell levels left.
You didn't know any spells.
Your spell library was empty.

Dungeon Overview and Level Annotations

Branches:
Dungeon (4/15)
 Temple: D:4-7

Altars:
Fedhas
Hepliaklqana
Okawaru
Qazlal
Sif Muna
Trog
Uskayaw
Vehumet
Xom
Yredelemnul
The Shining One


Innate Abilities, Weirdness & Mutations

You thrive by killing the living.
You are immune to poison.
You have sharp fingernails.
Your flesh is cold resistant. (rC+)
You are immune to negative energy. (rN+++)
You do not regenerate when monsters are visible.
You are immune to unholy pain and torment.
You can survive without breathing.


Message History

Where to? (Enter - D:3 @ (x,y), ? - help)
What level of the Dungeon? (default 1, ? - help)
You see here a dagger.
You see here a quokka corpse.
There is a stone staircase leading up here.
You climb upwards.
There is a stone staircase leading down here.
There is a stone staircase leading up here.
You climb upwards.
There is a stone staircase leading down here.
There is a stone staircase leading up here.
You climb upwards.
There is a stone staircase leading down here.
There is an open door here.
There is a staircase leading out of the dungeon here.
Are you sure you want to leave the Dungeon?
This will make you lose the game!
Alright, then stay!
There is a staircase leading out of the dungeon here.
Are you sure you want to leave the Dungeon?
This will make you lose the game!
You have escaped!

.....).##.#######....###.........
.......##.# ##.#)# ##....(..#
.......##.# ########.# ##.....##
#....####.# #........# ##...##
#....####.####+###'### ##+##
#...........#≈.≈§§.≈# #.#
##.########.#≈≈§§§≈≈# #.# #.#
#.#§≈...≈≈### ##.## #.#
#...§§@.≈...#####...## #.#
###§§...≈≈#..........# ##.#
#≈§§§.≈≈##.####...### ...#
#≈.≈≈≈.≈##.# ##..... ####
##'###'##..# #.#### #.# #....##
#.# #.# ###### #.# #.# #.# #.#
#.#


There were no monsters in sight!

Vanquished Creatures
  Edmund (D:4)
  A bullfrog (D:4)
  A hound (D:4)
  Natasha (twice) (D:2)
  An orc wizard (D:4)
  2 worker ants (D:4)
  A killer bee zombie (D:3)
  6 adders
  5 worms
  8 dart slugs
  2 leopard geckos
  9 orcs
  2 giant cockroaches (D:3)
  6 goblins
  10 hobgoblins
  6 jackals (D:1)
  3 quokkas
  A ball python (D:1)
  3 bats
  9 frilled lizards
  8 kobolds
  7 rats
94 creatures vanquished.

Notes
Turn   | Place    | Note
-------+----------+-------------------------------------------
     0 | D:1      | stormannn the Ghoul Berserker began the quest for the Orb.
     0 | D:1      | Reached XP level 1. HP: 19/19 MP: 0/0
   301 | D:1      | Reached XP level 2. HP: 24/26 MP: 1/1
   650 | D:1      | Reached skill level 4 in Unarmed Combat
   820 | D:1      | Reached XP level 3. HP: 31/33 MP: 2/2
  1206 | D:1      | Reached ** piety under Trog
  1362 | D:2      | Found a blossoming altar of Fedhas.
  1364 | D:2      | Found a basalt altar of Yredelemnul.
  1438 | D:2      | Found a bloodstained altar of Trog.
  1438 | D:2      | Found a hide-covered altar of Uskayaw.
  1438 | D:2      | Found a radiant altar of Vehumet.
  1438 | D:2      | Found a hazy altar of Hepliaklqana.
  1532 | D:2      | Found a shimmering altar of Xom.
  1581 | D:2      | Reached XP level 4. HP: 40/40 MP: 3/3
  1935 | D:2      | Reached skill level 5 in Unarmed Combat
  2091 | D:2      | Noticed Natasha
  2097 | D:2      | Killed Natasha
  2098 | D:2      | Reached XP level 5. HP: 47/47 MP: 4/4
  2422 | D:2      | Noticed Natasha
  2426 | D:2      | Killed Natasha
  2543 | D:2      | Found a glowing golden altar of the Shining One.
  2778 | D:3      | Found an iron altar of Okawaru.
  2911 | D:3      | Reached skill level 6 in Unarmed Combat
  2912 | D:3      | Reached *** piety under Trog
  3072 | D:3      | Found a stormy altar of Qazlal.
  3365 | D:3      | Found a shimmering blue altar of Sif Muna.
  3466 | D:4      | Reached XP level 6. HP: 53/55 MP: 5/5
  3500 | D:4      | Reached skill level 5 in Fighting
  3520 | D:4      | Noticed Edmund
  3552 | D:4      | Killed Edmund
  3553 | D:4      | Reached skill level 7 in Unarmed Combat
  3553 | D:4      | Reached XP level 7. HP: 31/61 MP: 6/6
  3663 | D:$      | Safely got out of the dungeon.

Illustrated notes

Levels and vault maps discovered:
D:1:      ncdulo_lavacross, layout_loops_corners
D:2:      layout_basic, nicolae_tso_swordbearing_angel,
          grunt_temple_overflow_open, hex_intersection, due_unseen_surprise,
          uniq_natasha
D:3:      layout_basic, grunt_qazlal_sundering, lemuel_coloured_pillars_altar,
          minmay_misc_feat_enclosed, okawaru_trees_2
D:4:      layout_rooms, uniq_edmund

Skill      XL: |  1  2  3  4  5  6 |
---------------+-------------------+-----
Unarmed Combat | 4 5 6 7 |  7.4
Fighting       | 4 5 |  5.7
Armour         | |  1.7
Dodging        | |  1.7

Action                   |  1- 3 |  4- 6 |  7- 9 || total
-------------------------+-------+-------+-------++-------
Melee: Unarmed           |   130 |   167 |    22 ||   319
       Punch             |     1 |     4 |       ||     5
Invok: Trog's Hand       |       |     1 |       ||     1
Armor: Animal skin       |     3 |       |       ||     3
       Plate armour      |    53 |   102 |    17 ||   172
Dodge: Dodged            |    44 |    43 |    10 ||    97

Table legend: (Time is in decaauts)
 A = Elapsed time spent in this place.
 B = Non-inter-level travel time spent in this place.
 C = Inter-level travel time spent in this place.
 D = Time resting spent in this place.
 E = Time spent auto-exploring this place.
 F = Levels seen in this place.
 G = Mean time per level.
                   A        B        C        D        E       F      G
               +--------+--------+--------+--------+--------+-----+--------+
         Total |   3649 |   3476 |    173 |    448 |   2407 |   4 |  912.2 |
       Dungeon |   3649 |   3476 |    173 |    448 |   2407 |   4 |  912.2 |
               +--------+--------+--------+--------+--------+-----+--------+

Top non-repeatable levels by time:
     D:1: 1377 daAuts
     D:2: 1258 daAuts
     D:3: 865 daAuts
     D:4: 147 daAuts
